 Dungeon Crawl Stone Soup version 0.25.0-11-g1f837a7 (webtiles) character file.

Game seed: 238736192094886992

1148 shmeve the Skirmisher (level 8, -9/106 HPs)
             Began as a Minotaur Berserker on June 24, 2020.
             Was a Priest of Trog.
             Mangled by a wyvern zombie (15 damage)
             ... on level 6 of the Dungeon.
             The game lasted 00:06:37 (4922 turns).

shmeve the Skirmisher (Minotaur Berserker)          Turns: 4922, Time: 00:06:38

Health: -9/106     AC:  3    Str: 21    XL:     8   Next: 15%
Magic:  7/7        EV: 13    Int:  5    God:    Trog [***...]
Gold:   293        SH:  7    Dex: 12    Spells: 7/7 levels left

rFire    . . .     SeeInvis .   a - +0 hand axe
rCold    . . .     Gourm    .   y - +2 buckler
rNeg     . . .     Faith    .   b - +0 animal skin
rPois    .         Spirit   .   (helmet restricted)
rElec    .         Reflect  .   r - +0 cloak
rCorr    .         Harm     .   (no gloves)
MR       .....                  (no boots)
Stlth    ..........             (no amulet)
HPRegen  0.27/turn              (no ring)
MPRegen  0.10/turn              (no ring)

@: berserking, drained, very quick
A: retaliatory headbutt, horns 2
a: Berserk, Trog's Hand, Renounce Religion


You were on level 6 of the Dungeon.
You worshipped Trog.
Trog was most pleased with you.
You were not hungry.

You visited 1 branch of the dungeon, and saw 6 of its levels.

You collected 293 gold pieces.

Inventory:

Hand Weapons
 a - a +0 hand axe (weapon)
Missiles
 o - 4 boomerangs (quivered)
Armour
 b - a +0 animal skin (worn)
 r - a +0 cloak (worn)
 y - a +2 buckler (worn)
Jewellery
 d - an uncursed ring of fire {unknown}
 m - an uncursed ring of flight
Wands
 l - a wand of enslavement (9)
Scrolls
 e - 4 scrolls of fog {unknown}
 g - 4 scrolls of teleportation {unknown}
 h - a scroll of random uselessness {unknown}
 i - 4 scrolls of remove curse {unknown}
 j - a scroll of amnesia {unknown}
 k - 5 scrolls of identify {unknown}
 n - a scroll of fear {unknown}
 p - 3 scrolls of immolation {unknown}
 s - a scroll of magic mapping {unknown}
 z - a scroll of acquirement {unknown}
Potions
 f - 3 potions of curing {unknown}
 q - a potion of might {unknown}
 t - 2 potions of invisibility {unknown}
 u - a potion of berserk rage {unknown}
 v - a potion of magic {unknown}
 x - 2 potions of degeneration {unknown}
Comestibles
 c - 4 rations


   Skills:
 - Level 6.5(5.6) Fighting
 - Level 6.5(5.6) Axes
 - Level 2.8(2.0) Throwing
 - Level 4.3(3.5) Armour
 - Level 4.0(3.2) Dodging
 + Level 5.5(4.6) Shields


You had 7 spell levels left.
You didn't know any spells.
Your spell library was empty.

Dungeon Overview and Level Annotations

Branches:
Dungeon (6/15)
 Temple: D:4-7

Altars:
Cheibriados
Elyvilon
Makhleb
Wu Jian
The Shining One


Innate Abilities, Weirdness & Mutations

You reflexively headbutt those who attack you in melee.
You have a pair of horns on your head.


Message History

You hit the wyvern zombie.
The wyvern zombie is heavily damaged.
The wyvern zombie barely misses you.
You barely miss the wyvern zombie. You headbutt the wyvern zombie!
The wyvern zombie is severely damaged.
The wyvern zombie bites you!
* * * LOW HITPOINT WARNING * * *
You block the wyvern zombie's attack.
You hit the wyvern zombie.
The wyvern zombie is severely damaged.
The wyvern zombie bites you.
* * * LOW HITPOINT WARNING * * *
You hit the wyvern zombie.
The wyvern zombie is almost destroyed.
The wyvern zombie bites you!
* * * LOW HITPOINT WARNING * * *
A red film seems to cover your vision as you go berserk!
You feel yourself moving faster!
You feel mighty!
You feel a lot more hungry. The wyvern zombie bites you!
You die...

.......... ..
##+###+###.......#
..........
.##..##......#######
..........
'....#......#
............
....#......#
####..####.(.
#...#......# # #+#
#...##...#......# ..
.........#......#
...
.........#......#
####
...##.@Z#......#
#...#......#
#...#......#
#..........#
#....####### #...##
#.... #.... #....#


You could see a wyvern zombie.

Vanquished Creatures
  Grinder (D:3)
  Menkaure (D:6)
  3 wights (D:6)
  3 crimson imps
  A bullfrog zombie (D:5)
  A hound (D:5)
  Crazy Yiuf (D:2)
  2 orc wizards (D:4)
  A gnoll shaman (D:5)
  8 worker ants
  A hound skeleton (D:5)
  7 gnolls
  7 adders
  2 oozes
  2 worms
  An adder skeleton (D:5)
  2 dart slugs
  2 leopard geckos
  6 orcs
  7 giant cockroaches
  5 goblins
  8 hobgoblins
  7 jackals
  3 quokkas
  A ball python (D:3)
  2 bats
  6 frilled lizards
  12 kobolds
  7 rats
110 creatures vanquished.

Notes
Turn   | Place    | Note
-------+----------+-------------------------------------------
     0 | D:1      | shmeve the Minotaur Berserker began the quest for the Orb.
     0 | D:1      | Reached XP level 1. HP: 19/19 MP: 0/0
   240 | D:1      | Reached XP level 2. HP: 27/27 MP: 1/1
   811 | D:1      | Reached XP level 3. HP: 33/33 MP: 2/2
  1128 | D:2      | Reached ** piety under Trog
  1128 | D:2      | Reached skill level 1 in Throwing
  1330 | D:2      | Reached XP level 4. HP: 39/41 MP: 3/3
  1852 | D:2      | Found a runed translucent door.
  1853 | D:2      | Noticed Crazy Yiuf
  1860 | D:2      | Killed Crazy Yiuf
  1987 | D:3      | Reached XP level 5. HP: 47/47 MP: 4/4
  2072 | D:3      | Noticed Grinder
  2083 | D:3      | Killed Grinder
  2083 | D:3      | Reached skill level 5 in Fighting
  2083 | D:3      | Reached skill level 5 in Axes
  2083 | D:3      | Reached XP level 6. HP: 56/56 MP: 5/5
  2718 | D:4      | Reached *** piety under Trog
  2752 | D:4      | Found a glowing golden altar of the Shining One.
  3101 | D:4      | Found an ornate altar of the Wu Jian Council.
  3104 | D:4      | Found a snail-covered altar of Cheibriados.
  3111 | D:4      | Found a white marble altar of Elyvilon.
  3213 | D:4      | Reached XP level 7. HP: 63/63 MP: 6/6
  3575 | D:5      | Entered Level 5 of the Dungeon
  4079 | D:5      | Found a burning altar of Makhleb.
  4190 | D:5      | Reached skill level 1 in Shields
  4578 | D:6      | Noticed Menkaure
  4587 | D:6      | Killed Menkaure
  4587 | D:6      | Reached XP level 8. HP: 71/71 MP: 7/7
  4605 | D:6      | Reached skill level 5 in Shields
  4922 | D:6      | Mangled by a wyvern zombie

Illustrated notes

Levels and vault maps discovered:
D:1:      tarquinn_simple_flora_water_b, layout_basic, minmay_pentomino_v4
D:2:      layout_rooms, first_ration, uniq_crazy_yiuf_cottage
D:3:      layout_rooms, uniq_grinder
D:4:      layout_rooms, minitemple, st_stairs_9, nicolae_tso_swordbearing_angel
D:5:      layout_basic, makhleb_blood_cavern_becter
D:6:      layout_gridville, uniq_menkaure

Skill      XL: |  1  2  3  4  5  6  7  8 |
---------------+-------------------------+-----
Axes           | 4 5 6 |  6.5
Fighting       | 4 5 6 |  6.5
Throwing       | 1 2 |  2.8
Armour         | 3 4 |  4.3
Dodging        | 3 4 |  4.0
Shields        | 4 5 |  5.5

Action                   |  1- 3 |  4- 6 |  7- 9 || total
-------------------------+-------+-------+-------++-------
Melee: Hand axe          |    52 |   104 |    99 ||   255
       Headbutt          |     5 |    26 |    25 ||    56
Invok: Trog's Hand       |     1 |     2 |     1 ||     4
       Berserk           |       |     3 |     3 ||     6
 Stab: Sleeping          |     1 |       |       ||     1
  Eat: Chunk             |     2 |     8 |     6 ||    16
       Ration            |       |       |     1 ||     1
Armor: Animal skin       |    13 |    24 |    10 ||    47
Dodge: Dodged            |    56 |    72 |    64 ||   192
Block: Buckler           |       |       |     2 ||     2
